 Dungeon Crawl Stone Soup version 0.29-a0-323-g050149af67 (webtiles) character file.

Game seed: 3321651051030881096

4715 Beewulf the Basher (level 10, -13/86 HPs)
             Began as a Minotaur Fighter on Apr 10, 2022.
             Was a Believer of the Shining One.
             Mangled by a skeletal warrior
             ... wielding a +0 long sword
              (26 damage)
             ... on level 8 of the Dungeon.
             The game lasted 00:26:14 (8251 turns).

Beewulf the Basher (Minotaur Fighter)               Turns: 8251, Time: 00:26:15

Health: -13/86     AC: 10    Str: 25    XL:     10   Next: 22%
Magic:  0/13       EV:  9    Int:  5    God:    the Shining One [**....]
Gold:   277        SH:  5    Dex: 10    Spells: 9/9 levels left

rFire   . . .      SeeInvis .   s - +2 whip (freeze)
rCold   . . .      Faith    .   c - +0 buckler
rNeg    + . .      Spirit   +   b - +1 scale mail
rPois   .          Reflect  .   (helmet restricted)
rElec   .          Harm     .   (no cloak)
rCorr   +          Rampage  .   t - +0 pair of gloves
Will    .....                   (no boots)
Stlth   ..........              f - amulet of guardian spirit
HPRegen 0.24/turn               k - ring of resist corrosion
MPRegen 0.13/turn               (no ring)

@: glowing
A: horns 2, retaliatory headbutt
a: Renounce Religion, Divine Shield


You were on level 8 of the Dungeon.
You worshipped the Shining One.
The Shining One was pleased with you.
You visited 2 branches of the dungeon, and saw 9 of its levels.

You collected 277 gold pieces.

Inventory:

Hand Weapons
 l - a +0 whip of venom
 s - a +2 whip of freezing (weapon)
 x - a +0 whip of electrocution
Missiles
 w - 2 throwing nets (quivered)
Armour
 b - a +1 scale mail (worn)
 c - a +0 buckler (worn)
 e - a +0 troll leather armour
 g - +0 steam dragon scales
 t - a +0 pair of gloves (worn)
Jewellery
 f - an amulet of guardian spirit (around neck)
 k - a ring of resist corrosion (left hand)
Wands
 i - a wand of paralysis (4)
 y - a wand of iceblast (7)
Scrolls
 j - a scroll of summoning {unknown}
 m - 4 scrolls of teleportation
 n - a scroll of amnesia
 o - a scroll of magic mapping
 C - a scroll of fear
Potions
 a - a potion of magic {unknown}
 d - 2 potions of might
 h - 2 potions of lignification {unknown}
 p - 2 potions of haste {unknown}
 q - 2 potions of curing
 r - 3 potions of invisibility
 u - a potion of ambrosia {unknown}
 v - 2 potions of heal wounds {unknown}
 z - 2 potions of mutation {unknown}
 A - a potion of flight {unknown}
 B - a potion of attraction


   Skills:
 * Level 7.5 Fighting
 + Level 12.5 Maces & Flails
 + Level 8.7 Armour
 + Level 5.5 Shields
 * Level 5.6 Invocations


You had 9 spell levels left.
You didn't know any spells.
Your spell library contained the following spells:

 Spells                   Type           Power      Damage    Failure   Level
 Magic Dart               Conj           0%         1d3       82%         1
 Sting                    Tmut/Pois      0%         1d3       82%         1
 Call Imp                 Summ           0%         N/A       91%         2
 Poisonous Vapours        Pois/Air       0%         N/A       91%         2
 Sublimation of Blood     Necr           0%         N/A       91%         2
 Mephitic Cloud           Conj/Pois/Air  0%         N/A       99%         3
 Cause Fear               Hex            0%         N/A       100%        4
 Olgreb's Toxic Radiance  Pois           0%         N/A       100%        4
 Petrify                  Tmut/Erth      0%         N/A       100%        4
 Irradiate                Conj/Tmut      0%         3d13      100%        5
 Dragon Form              Tmut           0%         N/A       100%        7
 Dragon's Call            Summ           0%         N/A       100%        9


Dungeon Overview and Level Annotations

Branches:
Dungeon (8/15)             Temple (1/1) D:5
   Lair: D:8-11

Altars:
Ashenzari
Cheibriados
Dithmenos
Elyvilon
Gozag
Hepliaklqana
Makhleb
Nemelex Xobeh
Okawaru
Qazlal
Sif Muna
Uskayaw
Wu Jian
Xom
The Shining One

Shops:
D:3 [


Innate Abilities, Weirdness & Mutations

You have a pair of horns on your head.
You reflexively headbutt those who attack you in melee.


Message History

The skeletal warrior is heavily damaged.
You hit the skeletal warrior but do no damage.
You headbutt the skeletal warrior, but do no damage.
The skeletal warrior is heavily damaged.
The skeletal warrior completely misses you.
You hit the skeletal warrior. You freeze the skeletal warrior.
The skeletal warrior is heavily damaged.
You hit the skeletal warrior but do no damage.
Your headbutt misses the skeletal warrior.
The skeletal warrior is heavily damaged.
The skeletal warrior closely misses you.
You hit the skeletal warrior but do no damage.
The skeletal warrior is heavily damaged.
The skeletal warrior hits you with a +0 long sword.
You hit the skeletal warrior.
The skeletal warrior is heavily damaged.
You hit the skeletal warrior but do no damage.
The skeletal warrior is heavily damaged.
The skeletal warrior barely misses you.
You hit the skeletal warrior. You headbutt the skeletal warrior.
The skeletal warrior is severely damaged.
You hit the skeletal warrior but do no damage.
You headbutt the skeletal warrior, but do no damage.
The skeletal warrior is severely damaged.
The skeletal warrior hits you with a +0 long sword!!
* * * LOW HITPOINT WARNING * * *
You barely miss the skeletal warrior.
You headbutt the skeletal warrior, but do no damage.
The skeletal warrior is severely damaged.
You hit the skeletal warrior. You freeze the skeletal warrior.
You headbutt the skeletal warrior.
The skeletal warrior is almost destroyed.
The skeletal warrior hits you with a +0 long sword!
* * * LOW HITPOINT WARNING * * *
You feel better.
You block the skeletal warrior's attack.
You hit the skeletal warrior but do no damage.
The skeletal warrior is severely damaged.
The skeletal warrior hits you with a +0 long sword!!
You die...

#.......## ##...........
...#.....#####...........
....#.....##.....#####...
###..............#
#.###.#.#####..#
#.#..##.## .#.## #
#.#..#..#.#.#
..#.#####.##.# #.##.#@#
#.##.# #.#.#.#z###...# #.
# ##.#.#.#..#.## .. #.
####.##..# #.. .#
#..#.#..# #... #. #..#
.#..####.... ##
#.#####...##.....
..................
...########........


You could see a skeletal warrior.

Vanquished Creatures
  A two-headed ogre (D:8)
  Pikel (D:7)
  Maggie (D:6)
  A troll (D:6)
  2 wraiths (D:8)
  A steam dragon (D:7)
  2 water moccasins
  Duvessa (D:7)
  2 ice beasts
  A black bear (D:6)
  2 sky beasts (D:7)
  5 centaurs
  3 lemures (D:7)
  A phantom (D:6)
  A kobold brigand (D:4)
  2 necrophages
  3 scorpions
  Dowan (D:7)
  2 howler monkeys (D:7)
  5 jellies
  6 orc priests
  A gnoll shaman (D:6)
  A hound (D:5)
  7 iguanas
  6 orc wizards
  10 gnolls (D:6)
  6 adders
  A shadow imp (D:6)
  A white imp (D:6)
  2 worms
  A dart slug (D:3)
  19 orcs
  6 ball pythons
  3 bats
  11 endoplasms
  7 giant cockroaches
  15 goblins
  10 hobgoblins
  8 jackals
  18 kobolds
  7 quokkas
  5 frilled lizards
  12 rats
  3 bushes (D:4)
204 creatures vanquished.

Vanquished Creatures (others)
  7 plants (D:4)
7 creatures vanquished.

Grand Total: 211 creatures vanquished

Notes
Turn   | Place    | Note
-------+----------+-------------------------------------------
     0 | D:1      | Beewulf the Minotaur Fighter began the quest for the Orb.
     0 | D:1      | Reached XP level 1. HP: 19/19 MP: 0/0
   252 | D:1      | Reached skill level 3 in Maces & Flails
   252 | D:1      | Reached XP level 2. HP: 27/27 MP: 1/1
   542 | D:1      | Found a faded altar of an unknown god.
   565 | D:1      | Prayed at the altar of an unknown god.
   565 | D:1      | Became a worshipper of Elyvilon the Healer
   565 | D:1      | Reached * piety under Elyvilon
   795 | D:1      | Reached XP level 3. HP: 27/33 MP: 2/2
  1366 | D:2      | Reached ** piety under Elyvilon
  1601 | D:2      | Reached XP level 4. HP: 40/40 MP: 3/3
  1921 | D:3      | Reached skill level 4 in Maces & Flails
  2172 | D:3      | Found Aceottob's Antique Armour Shop.
  2398 | D:3      | Reached *** piety under Elyvilon
  2418 | D:3      | Reached skill level 1 in Invocations
  2618 | D:3      | Reached XP level 5. HP: 40/47 MP: 4/4
  3095 | D:4      | Reached skill level 5 in Maces & Flails
  3110 | D:4      | Reached XP level 6. HP: 28/53 MP: 4/6
  3295 | D:4      | Reached skill level 6 in Maces & Flails
  3769 | D:4      | Reached skill level 5 in Armour
  3800 | D:4      | Reached XP level 7. HP: 53/60 MP: 7/7
  3891 | D:4      | Reached skill level 7 in Maces & Flails
  4292 | D:5      | Entered Level 5 of the Dungeon
  4311 | D:5      | Reached skill level 5 in Fighting
  4576 | D:5      | Reached **** piety under Elyvilon
  4588 | D:5      | Reached skill level 8 in Maces & Flails
  4764 | D:5      | Reached XP level 8. HP: 47/68 MP: 9/9
  4892 | D:5      | Found a staircase to the Ecumenical Temple.
  5116 | Temple   | Entered the Ecumenical Temple
  5351 | Temple   | Fell from the grace of Elyvilon
  5351 | Temple   | Became a worshipper of the Shining One
  5351 | Temple   | Reached * piety under the Shining One
  5351 | Temple   | Reached ** piety under the Shining One
  5403 | D:6      | Noticed Maggie
  5419 | D:6      | Killed Maggie
  5420 | D:6      | Reached skill level 9 in Maces & Flails
  5531 | D:6      | Noticed a troll
  5537 | D:6      | Killed a troll
  5552 | D:6      | Reached skill level 10 in Maces & Flails
  5601 | D:6      | Reached skill level 5 in Shields
  5706 | D:6      | Found a burning altar of Makhleb.
  5856 | D:6      | Reached XP level 9. HP: 24/75 MP: 11/11
  6191 | D:6      | Found a shimmering blue altar of Sif Muna.
  6735 | D:7      | Noticed Duvessa
  6737 | D:7      | Noticed Dowan
  6737 | D:7      | Noticed Pikel
  6753 | D:7      | Killed Duvessa
  6760 | D:7      | Killed Dowan
  6763 | D:7      | Reached skill level 11 in Maces & Flails
  6788 | D:7      | Killed Pikel
  6807 | D:7      | Reached skill level 5 in Invocations
  7118 | D:7      | Reached skill level 12 in Maces & Flails
  7124 | D:7      | Found a shadowy altar of Dithmenos.
  7326 | D:7      | Found a stormy altar of Qazlal.
  7520 | D:7      | Found an opulent altar of Gozag.
  7520 | D:7      | Found a sparkling altar of Nemelex Xobeh.
  7857 | D:8      | Noticed a two-headed ogre
  7869 | D:8      | Killed a two-headed ogre
  7870 | D:8      | Reached XP level 10. HP: 77/86 MP: 13/13
  8228 | D:8      | Noticed a skeletal warrior
  8228 | D:8      | Found the +5 scythe "Finisher" {speed, eviscerate}
  8251 | D:8      | Mangled by a skeletal warrior

Illustrated notes

Levels and vault maps discovered:
D:1:      amcnicky_arrival_flooded_fountain, layout_basic,
          shapermc_ecumenical_altar_pompeii, minmay_tall_x
D:2:      layout_rooms
D:3:      minmay_razor_zed, layout_basic, serial_shops,
          nicolae_shop_hallway_stairs, kennysheep_generic_room_13
D:4:      layout_rooms, minmay_misc_feat_rows, lexackson_kobold_supper
D:5:      layout_loops_ring, minmay_temple_entry_trees
D:6:      layout_loops_ring, amcnicky_altar_gilded,
          mainiacjoe_overflow_alcove_4, minivault_23,
          nicolae_figureground_pulse, uniq_maggie
D:7:      nicolae_cairo_tiling_very_big, layout_basic,
          grunt_temple_overflow_opulence, nicolae_qazlal_scattered_showers,
          grunt_dithmenos_smoke_and_mirrors, uniq_pikel, uniq_duvessa
D:8:      layout_layer_cave, grunt_temple_overflow_diamond, lemuel_doored_altar,
          minivault_14, minmay_guarded_unrand_finisher
Temple:   compressed_dpeg_triangle_lava_temple

Skill      XL: |  1  2  3  4  5  6  7  8  9 |
---------------+----------------------------+-----
Maces & Flails | 3 4 5 6 8 10 12 | 12.5
Fighting       | 4 5 7 |  7.5
Shields        | 4 5 |  5.5
Armour         | 4 5 7 8 |  8.7
Invocations    | 1 2 3 4 5 |  5.6

Action                   |  1- 3 |  4- 6 |  7- 9 | 10-12 || total
-------------------------+-------+-------+-------+-------++-------
Melee: Flail             |    82 |       |       |       ||    82
       Headbutt          |     9 |    39 |   127 |    10 ||   185
       Whip              |     9 |   160 |   370 |    38 ||   577
Invok: Heal Other        |       |     1 |     2 |       ||     3
  Use: Scroll            |       |       |    13 |       ||    13
       Potion            |       |       |     3 |     1 ||     4
Armor: Scale mail        |    34 |    46 |    48 |     3 ||   131
Dodge: Dodged            |    51 |    44 |    59 |     7 ||   161
Block: Buckler           |    30 |    21 |    24 |     6 ||    81

Table legend: (Time is in decaauts)
 A = Elapsed time spent in this place.
 B = Non-inter-level travel time spent in this place.
 C = Inter-level travel time spent in this place.
 D = Time resting spent in this place.
 E = Time spent auto-exploring this place.
 F = Levels seen in this place.
 G = Mean time per level.
                   A        B        C        D        E       F      G
               +--------+--------+--------+--------+--------+-----+--------+
         Total |   8140 |   7825 |    315 |    798 |   4438 |   9 |  904.4 |
       Dungeon |   7887 |   7587 |    300 |    648 |   4438 |   8 |  985.9 |
        Temple |    253 |    239 |     14 |    150 |      0 |   1 |  253.0 |
               +--------+--------+--------+--------+--------+-----+--------+

Top non-repeatable levels by time:
     D:3: 1505 daAuts
     D:6: 1303 daAuts
     D:1: 1253 daAuts
     D:7: 1170 daAuts
     D:4: 920 daAuts
     D:5: 846 daAuts
     D:2: 585 daAuts
     D:8: 302 daAuts
  Temple: 253 daAuts
